 Dungeon Crawl Stone Soup version 0.24-a0-275-g6f7e2cb (webtiles) character file.

Game seed: 13808585808504929520

302 Hylith the Skirmisher (level 6, -7/52 HPs)
             Began as a Draconian Transmuter on Apr 28, 2019.
             Was a Follower of Makhleb.
             Mangled by an orc
             ... wielding a +0 mace
              (11 damage)
             ... on level 4 of the Dungeon.
             The game lasted 00:09:34 (4329 turns).

Hylith the Skirmisher (Draconian Transmuter)        Turns: 4329, Time: 00:09:35

Health: -7/52      AC:  2    Str: 13    XL:     6   Next: 14%
Magic:  16/19      EV: 19    Int: 15    God:    Makhleb [*.....]
Gold:   129        SH:  0    Dex: 16    Spells: 5/11 levels left

rFire    . . .     SeeInvis +     - Unarmed
rCold    . . .     Gourm    .   (shield currently unavailable)
rNeg     . . .     Faith    .   (armour unavailable)
rPois    x         Spirit   .   (helmet currently unavailable)
rElec    .         Reflect  .   (cloak currently unavailable)
rCorr    .         Harm     .   (gloves currently unavailable)
MR       .....                  (boots currently unavailable)
Stlth    +.........             (no amulet)
HPRegen  0.17/turn              j - ring of magical power
MPRegen  0.16/turn              k - ring of see invisible

@: spider-form, slowed, lightly drained, very slow
A: tiny, unfitting armour, AC +6
a: End Transformation, Renounce Religion


You were on level 4 of the Dungeon.
You worshipped Makhleb.
Makhleb was aware of your devotion.
You were hungry.
You were a venomous arachnid creature.
You visited 1 branch of the dungeon, and saw 5 of its levels.

You collected 129 gold pieces.

Inventory:

Missiles
 a - 75 arrows
Jewellery
 j - a ring of magical power (left front leg)
 k - a ring of see invisible (right front leg)
Wands
 m - a wand of flame (17)
Scrolls
 b - 5 scrolls of identify {unknown}
 d - a scroll of blinking {unknown}
 e - 6 scrolls of remove curse
 f - a scroll of noise {unknown}
 g - 2 scrolls of immolation {unknown}
 i - 2 scrolls of teleportation {unknown}
 n - 2 scrolls of amnesia {unknown}
 p - a scroll of random uselessness {unknown}
Potions
 h - 2 potions of heal wounds {unknown}
 l - a potion of brilliance {unknown}
 q - a potion of curing {unknown}
Comestibles
 c - 9 rations


   Skills:
 - Level 4.0(3.9) Fighting
 - Level 2.0(1.9) Dodging
 * Level 3.9(3.8) Unarmed Combat
 - Level 3.0(2.9) Spellcasting
 - Level 4.0(3.9) Transmutations


You had 5 spell levels left.
You knew the following spells:

 Your Spells              Type           Power        Failure   Level  Hunger
a - Beastly Appendage     Tmut           ##....       13%         1    #......
b - Sticks to Snakes      Tmut           ##......     17%         2    ##.....
c - Spider Form           Tmut/Pois      #.........   47%         3    ###....

Your spell library contained the following spells:

 Spells                   Type           Power        Failure   Level  Hunger
 Ice Form                 Ice/Tmut       #.......     83%         4    #####..
 Blade Hands              Tmut           ##........   89%         5    ######.


Dungeon Overview and Level Annotations

Branches:
Dungeon (5/15)
 Temple: D:4-7

Altars:
Ashenzari
Elyvilon
Gozag
Kikubaaqudgha
Makhleb
Qazlal
Yredelemnul

Shops:
D:4 [


Innate Abilities, Weirdness & Mutations

((Your plain brown scales are hard. (AC +6)))
You cannot fit into any form of body armour.
((You are cold-blooded and may be slowed by cold attacks.))


Message History

The magic dart hits you.
* * * LOW HITPOINT WARNING * * *
Casting: Beastly Appendage (safe; 4% risk of failure)
Confirm with . or Enter, or press ? or * to list all spells.
Your horns disappear.
You turn into a venomous arachnid creature.
The orc wizard closely misses you. The orc closely misses you.
The orc wizard casts a spell.
The orc wizard blinks!
The orc completely misses you.
You barely miss the orc wizard. The orc wizard barely misses you.
The orc wizard completely misses you. The orc barely misses you.
The orc wizard hits you with a +2 dagger of speed.
* * * LOW HITPOINT WARNING * * *
Unknown command.
You barely miss the orc wizard.
The orc wizard hits you with a +2 dagger of speed.
* * * LOW HITPOINT WARNING * * *
The orc wizard gestures wildly while chanting.
The orc wizard blinks!
The orc hits you with a +0 mace!
You die...

.............# #.# #..#####
.##..........## #.## #.)# #
###...........## #..###
#.8#####
#.........#..#####o..###.88....
#.........##......##...#....8..
############......############.
#......# #..#.....
##############.§o§..# ##.......
...........∩....s...# ###.....
##############......# #.....
#......# #..... #......# #.....
#......# #..... ######## ######


You could see an orc wizard and an orc.

Vanquished Creatures
  A crimson imp (D:5)
  An orc priest (D:2)
  A jelly (D:3)
  An orc wizard (D:4)
  A worker ant (D:4)
  A hound zombie (D:5)
  5 adders
  2 worms
  4 dart slugs
  3 leopard geckos
  9 orcs
  6 giant cockroaches
  6 goblins
  6 hobgoblins
  3 jackals (D:3)
  2 quokkas
  A ball python (D:4)
  5 bats
  4 frilled lizards
  5 kobolds
  A leopard gecko skeleton (D:4)
  14 rats
82 creatures vanquished.

Notes
Turn   | Place    | Note
-------+----------+-------------------------------------------
     0 | D:1      | Hylith the Draconian Transmuter began the quest for the
                  | Orb.
     0 | D:1      | Reached XP level 1. HP: 16/16 MP: 3/3
   182 | D:1      | Reached XP level 2. HP: 18/24 MP: 3/5
   626 | D:1      | Learned a level 2 spell: Sticks to Snakes
   862 | D:1      | Reached XP level 3. HP: 22/29 MP: 4/6
   995 | D:1      | Learned a level 3 spell: Spider Form
  1498 | D:2      | Found a stormy altar of Qazlal.
  1500 | D:2      | Found a white marble altar of Elyvilon.
  1501 | D:2      | Found a shattered altar of Ashenzari.
  1501 | D:2      | Found a burning altar of Makhleb.
  1501 | D:2      | Found an ancient bone altar of Kikubaaqudgha.
  1503 | D:2      | Found an opulent altar of Gozag.
  1503 | D:2      | Found a basalt altar of Yredelemnul.
  1516 | D:2      | Became a worshipper of Makhleb the Destroyer
  1713 | D:2      | Reached XP level 4. HP: 36/36 MP: 6/8
  2221 | D:2      | Reached XP level 5. HP: 35/46 MP: 7/9
  2675 | D:3      | Found a stormy altar of Qazlal.
  3299 | D:4      | Reached * piety under Makhleb
  3383 | D:4      | Found Ziregh's Antique Armour Emporium.
  4157 | D:5      | Entered Level 5 of the Dungeon
  4157 | D:5      | Noticed a necrophage
  4216 | D:5      | Reached XP level 6. HP: 44/52 MP: 10/10
  4329 | D:4      | Mangled by an orc

Levels and vault maps discovered:
D:1:      lightli_arrival_noodles, layout_basic
D:2:      layout_rooms, grunt_temple_overflow_open
D:3:      layout_basic, nicolae_qazlal_eye_of_the_storm
D:4:      layout_rooms, serial_shops, shop, nicolae_zen_rock_garden,
          chequers_decorated_corner
D:5:      layout_basic, minmay_temple_entry_glassed_door, first_ration

Skill      XL: |  1  2  3  4  5 |
---------------+----------------+-----
Dodging        | 2 |  2.0
Fighting       | 2 3 4 |  4.0
Transmutations | 3 4 |  4.0
Spellcasting   | 3 |  3.0
Unarmed Combat | |  3.9

Action                   |  1- 3 |  4- 6 || total
-------------------------+-------+-------++-------
Melee: Unarmed           |   148 |   200 ||   348
       Kick              |    17 |    15 ||    32
       Headbutt          |     7 |    12 ||    19
       Tailslap          |     7 |    21 ||    28
       Punch             |     1 |       ||     1
 Cast: Beastly Appendage |    27 |    27 ||    54
       Spider Form       |       |     1 ||     1
  Use: Scroll            |       |     1 ||     1
 Stab: Sleeping          |       |     1 ||     1
  Eat: Chunk             |     3 |     8 ||    11
Armor: Skin              |    35 |    57 ||    92
Dodge: Dodged            |    72 |   138 ||   210

Table legend:
 A = Non-vault XP
 B = Vault XP
 C = Vault XP percentage of total XP
 D = Non-vault monster count
 E = Vault monster count
 F = Vault count percentage of total count
                 A         B        C        D         E       F
            +---------+---------+-------+---------+---------+-------
      Total |     432 |       0 |   0.0 |      82 |       0 |   0.0
            +---------+---------+-------+---------+---------+-------
        D:1 |      44 |       0 |   0.0 |      25 |       0 |   0.0
        D:2 |     110 |       0 |   0.0 |      21 |       0 |   0.0
        D:3 |     101 |       0 |   0.0 |      23 |       0 |   0.0
        D:4 |     109 |       0 |   0.0 |      11 |       0 |   0.0
        D:5 |      68 |       0 |   0.0 |       2 |       0 |   0.0
            +---------+---------+-------+---------+---------+-------
